 Dungeon Crawl Stone Soup version 0.19.0-18-g426998a (webtiles) character file.

77 Rrauwl the Ruffian (level 4, -7/35 HPs)
             Began as a Draconian Transmuter on Nov 11, 2016.
             Mangled by a gnoll
             ... wielding a +0 flail of crushing
              (12 damage)
             ... on level 2 of the Dungeon.
             The game lasted 00:12:40 (1344 turns).

Rrauwl the Ruffian (Draconian Transmuter)           Turns: 1344, Time: 00:12:41

Health: -7/35      AC:  5    Str: 17      XL:     4   Next: 13%
Magic:  6/7        EV: 12    Int: 10 (13) God:
Gold:   115        SH:  0    Dex: 13      Spells: 1 memorised, 7 levels left

rFire  . . .     SeeInvis .       - Unarmed
rCold  . . .     Gourm    .     (armour unavailable)
rNeg   . . .     Faith    +     (no shield)
rPois  .         Spirit   .     (helmet restricted)
rElec  .         Reflect  .     (no cloak)
rCorr  .         Harm     .     (no gloves)
MR     .....                    (no boots)
Stlth  +.........               h - amulet of faith
                                i - +2 ring of dexterity
                                d - +3 ring of strength

@: appendage
A: unfitting armour, horns 2, cold-blooded, AC +5
a: End Transformation


You were on level 2 of the Dungeon.
You were not hungry.
You had grown temporary horns.
You visited 1 branch of the dungeon, and saw 2 of its levels.

You collected 115 gold pieces.

Inventory:

Jewellery
 d - a +3 ring of strength (left hand)
 h - an amulet of faith (around neck)
 i - a +2 ring of dexterity (right hand)
Scrolls
 a - a scroll of amnesia
 e - a scroll of identify
Books
 b - a book of Changes

   Spells                             Type                      Level
   a - Beastly Appendage              Transmutation                1
   b - Sticks to Snakes               Transmutation                2
   c - Spider Form                    Transmutation/Poison         3
   d - Ice Form                       Ice/Transmutation            4
   e - Blade Hands                    Transmutation                5
Comestibles
 c - 2 bread rations
 f - 4 fruits
 g - 11 chunks of flesh


   Skills:
 * Level 1.5 Fighting
 + Level 2.2 Dodging
 + Level 3.9 Unarmed Combat
 + Level 2.5 Spellcasting
 + Level 2.3 Transmutations


You had 7 spell levels left.
You knew the following spells:

 Your Spells              Type           Power        Failure   Level  Hunger
a - Beastly Appendage     Tmut           #.....       14%         1    ##.....


Dungeon Overview and Level Annotations

Branches:
Dungeon (2/15)

Altars:


Innate Abilities, Weirdness & Mutations

Your plain brown scales are hard. (AC +5)
You cannot fit into any form of body armour.
You are cold-blooded and may be slowed by cold attacks.
You have a pair of horns on your head.


Message History

a club; an enchanted flail; a scroll of random uselessness; a gnoll corpse You butcher the gnoll corpse.
g - 11 chunks of flesh (gained 4)
Things that are here:
a club; an enchanted flail; a scroll of random uselessness
There is a stone staircase leading down here.
Your horns disappear.
A rat comes into view.
The rat moves out of view.
A gnoll comes into view. It is wielding a flail of crushing.
You see here a scroll of amnesia.
a - a scroll of amnesia
Casting: Beastly Appendage
Confirm with . or Enter, or press ? or * to list all spells.
You grow a pair of large bovine horns.
The gnoll shouts!
You hit the gnoll.
Your tail-slap misses the gnoll.
The gnoll is lightly wounded.
The gnoll hits you with a flail of crushing!
You die...

#...............# #.####).#
###.#
#.......###...#####.####..#
#...) ##.....##
####............###.#.#
##...##
#.####)#####........ ##...
##.####.#.#######.#.# ..##
...........# #(...
##.####.#.## ###..
#.####.#.### ###
#.g@...)...#
......####.#.#.# .....
#...#.# .... #..##.# ...
#..##.# .. #.....# .
##..### ##># #.#


You could see a gnoll.

Vanquished Creatures
  2 gnolls (D:2)
  2 adders (D:2)
  2 dart slugs
  A leopard gecko (D:2)
  2 giant cockroaches (D:2)
  7 goblins
  7 hobgoblins (D:2)
  3 bats
  A frilled lizard (D:1)
  2 kobolds
  3 rats
32 creatures vanquished.

Notes
Turn   | Place    | Note
-------+----------+-------------------------------------------
     0 | D:1      | Rrauwl the Draconian Transmuter began the quest for the Orb.
     0 | D:1      | Reached XP level 1. HP: 16/16 MP: 3/3
    20 | D:1      | Learned a level 1 spell: Beastly Appendage
   633 | D:2      | Reached XP level 2. HP: 23/23 MP: 5/5
   748 | D:2      | Reached XP level 3. HP: 3/28 MP: 3/6
  1326 | D:2      | Reached XP level 4. HP: 3/35 MP: 5/7
  1344 | D:2      | Mangled by a gnoll

Skill      XL: |  1  2 |
---------------+-------+-----
Dodging        | 2 |  2.2
Fighting       | |  1.5
Unarmed Combat | |  3.9
Spellcasting   | |  2.5
Transmutations | |  2.3

Action                   |  1- 3 |  4- 6 || total
-------------------------+-------+-------++-------
Melee: Unarmed           |    97 |     1 ||    98
       Tailslap          |    13 |       ||    13
       Headbutt          |     4 |       ||     4
       Punch             |     1 |       ||     1
       Kick              |     3 |       ||     3
 Cast: Beastly Appendage |     9 |     1 ||    10
  Use: Scroll            |     5 |       ||     5
       Potion            |     4 |       ||     4
  Eat: Chunk             |     2 |       ||     2
Armor: Skin              |    23 |       ||    23
Dodge: Dodged            |    52 |       ||    52
